[Event "Titled Tuesday Blitz November 08 Late 2022"]
[White "Chigaev, Maksim"]
[Black "Karas, Marek"]
[WhiteFideId "4108116"]
[BlackFideId "14928558"]
[WhiteElo "2541"]
[BlackElo "2220"]
[Result "1-0"]
[Round "01"]
[TimeControl "180+1"]
[Date "2022.11.08"]
[WhiteClock "0:00:58"]
[BlackClock "0:00:38"]

1. Nf3 Nf6 2. c4 e6 3. g3 b6 4. Bg2 Bb7 5. O-O Be7 6. Re1 O-O 7. Nc3 d5 8. cxd5 Nxd5 9. e4 Nxc3 10. bxc3 c5 11. d4 cxd4 12. cxd4 Nd7 13. Bf4 Rc8 14. d5 exd5 15. exd5 Bf6 16. Rb1 Re8 17. Rxe8+ Qxe8 18. Nd4 Be5 19. Be3 g6 20. Nc6 Bxc6 21. dxc6 Nf8 22. Qa4 Rc7 23. Rd1 Kg7 24. h4 h5 25. Bd4 Bxd4 26. Qxd4+ Kg8 27. Bd5 Qe7 28. Kg2 Kh7 29. Rd3 Ne6 30. Qc4 Nc5 31. Rf3 f6 32. Qf4 Kg7 33. Re3 Qd8 34. Bf3 Nd3 35. Rxd3 1-0


[Site "https://www.chess.com"]

[Event "Titled Tuesday Blitz November 08 Late 2022"]
[White "Chlpik, Martin"]
[Black "Przybylski, Wojciech"]
[WhiteFideId "14923351"]
[BlackFideId "1117599"]
[WhiteElo "2109"]
[BlackElo "2221"]
[Result "1-0"]
[Round "01"]
[TimeControl "180+1"]
[Date "2022.11.09"]
[WhiteClock "0:00:09"]
[BlackClock "0:00:01"]

1. d4 Nf6 2. c4 e6 3. Nc3 Bb4 4. a3 Bxc3+ 5. bxc3 c5 6. e3 O-O 7. Bd3 Nc6 8. Ne2 b6 9. O-O Ba6 10. e4 e5 11. d5 Na5 12. f4 Re8 13. fxe5 Rxe5 14. Bf4 Rxe4 15. Bg5 Qe7 16. Bxf6 gxf6 17. Ng3 Re5 18. Nf5 Qf8 19. Qg4+ Kh8 20. Qh4 Re6 21. dxe6 fxe6 22. Nd6 f5 23. Nxf5 Nb3 24. Rad1 Bb7 25. Nd6 Qg7 26. Nxb7 Rg8 27. Be4 d5 28. cxd5 Qxb7 29. Qf6+ Qg7 30. Qxg7+ Kxg7 31. dxe6 Re8 32. Rf7+ Kg8 33. Bxh7+ Kh8 34. Re1 Nd2 35. e7 1-0


[Site "https://www.chess.com"]

[Event "Titled Tuesday Blitz November 08 Late 2022"]
[White "Chong, Kai Ni Agnes"]
[Black "Bodi, Tibor"]
[WhiteFideId "5722071"]
[BlackFideId "701084"]
[WhiteElo "1762"]
[BlackElo "2187"]
[Result "0-1"]
[Round "01"]
[TimeControl "180+1"]
[Date "2022.11.09"]
[WhiteClock "0:00:02"]
[BlackClock "0:00:45"]

1. d4 Nf6 2. c4 e6 3. g3 c5 4. d5 exd5 5. cxd5 d6 6. Bg2 g6 7. Nf3 Bg7 8. Nc3 O-O 9. O-O Re8 10. Nd2 a6 11. a4 Nbd7 12. e4 Ne5 13. Qc2 Nh5 14. b3 Rb8 15. Bb2 b5 16. axb5 axb5 17. h3 c4 18. bxc4 bxc4 19. Rfb1 Bh6 20. Ba3 Rxb1+ 21. Rxb1 Bxd2 22. Qxd2 Bxh3 23. f4 Bxg2 24. Qxg2 Nd3 25. Nb5 Qb6+ 26. Kh2 Nhxf4 27. gxf4 Nxf4 28. Qg3 Rxe4 29. Bxd6 Re2+ 30. Kh1 Nd3 0-1


[Site "https://www.chess.com"]

[Event "Titled Tuesday Blitz November 08 Late 2022"]
[White "Clawitter, Craig"]
[Black "Annaberdiyev, Babageldi"]
[WhiteFideId "2023105"]
[BlackFideId "14000385"]
[WhiteElo "2178"]
[BlackElo "2332"]
[Result "0-1"]
[Round "01"]
[TimeControl "180+1"]
[Date "2022.11.09"]
[WhiteClock "0:00:04"]
[BlackClock "0:01:47"]

1. e4 e6 2. d4 d5 3. e5 c5 4. c3 Nc6 5. Nf3 Qb6 6. a3 Nh6 7. b4 cxd4 8. cxd4 Nf5 9. Be3 f6 10. exf6 gxf6 11. Bd3 Nxe3 12. fxe3 Bh6 13. Qe2 Ne7 14. Nc3 O-O 15. Na4 Qd6 16. O-O a5 17. b5 b6 18. Nh4 Rf7 19. Rf3 f5 20. Rg3+ Kh8 21. Qh5 Rf6 22. Nb2 Bd7 23. Be2 Rg8 24. Nd3 Rxg3 25. hxg3 Qxg3 26. Ne5 Bxe3+ 27. Kh1 Ng8 28. Nxd7 Rh6 0-1


[Site "https://www.chess.com"]

[Event "Titled Tuesday Blitz November 08 Late 2022"]
[White "Coleman, Maxx"]
[Black "Ferriz Barrios, Andres"]
[WhiteFideId "2027119"]
[BlackFideId "5104467"]
[WhiteElo "2278"]
[BlackElo "2253"]
[Result "1/2-1/2"]
[Round "01"]
[TimeControl "180+1"]
[Date "2022.11.09"]
[WhiteClock "0:00:06"]
[BlackClock "0:00:20"]

1. b3 Nf6 2. Bb2 g6 3. e3 Bg7 4. Nf3 d6 5. Be2 Nbd7 6. O-O e5 7. d4 exd4 8. Nxd4 O-O 9. c4 Ne5 10. Nd2 Nfg4 11. Qc1 Qh4 12. N4f3 Qh5 13. h3 Nf6 14. Re1 Nxf3+ 15. Bxf3 Qh4 16. c5 dxc5 17. Qxc5 c6 18. Rad1 Be6 19. Qc1 Rad8 20. Ba3 Rfe8 21. Bc5 b6 22. Bd4 c5 23. Bc3 Bd5 24. Bxd5 Rxd5 25. g3 Qxh3 26. Bxf6 Bxf6 27. Ne4 Rf5 28. Nxf6+ Rxf6 29. Qc4 Ree6 30. Rd8+ Kg7 31. Red1 Rxf2 32. Kxf2 Qh2+ 33. Kf3 Rf6+ 34. Ke4 Qxg3 35. R1d7 Qg4+ 36. Kd3 Qd1+ 37. Kc3 Qa1+ 38. Kd3 Qd1+ 39. Ke4 Qf3+ 40. Kd3 Qf1+ 41. Kc3 Qa1+ 42. Kd3 Qf1+ 43. Ke4 Qf3+ 44. Kd3 Qd1+ 1/2-1/2


[Site "https://www.chess.com"]

[Event "Titled Tuesday Blitz November 08 Late 2022"]
[White "D`Arruda, Ricardo D."]
[Black "Lazavik, Denis"]
[WhiteFideId "100692"]
[BlackFideId "13515110"]
[WhiteElo "2520"]
[BlackElo "2483"]
[Result "0-1"]
[Round "01"]
[TimeControl "180+1"]
[Date "2022.11.08"]
[WhiteClock "0:00:31"]
[BlackClock "0:00:44"]

1. d4 f5 2. c3 Nf6 3. Nd2 g6 4. g3 Bg7 5. Bg2 Nc6 6. e4 fxe4 7. Nxe4 Nxe4 8. Bxe4 d5 9. Bg2 e5 10. dxe5 Nxe5 11. Nf3 Bg4 12. h3 Bxf3 13. Bxf3 c6 14. O-O O-O 15. Bg2 Qb6 16. Rb1 Rae8 17. Be3 Qa5 18. Bd4 Qxa2 19. b3 a6 20. Ra1 Qb2 21. Rb1 Qa3 22. Re1 Qd6 23. Re3 Nf7 24. Bxg7 Kxg7 25. Qd4+ Qf6 26. Qc5 Rxe3 27. Qxe3 Nd6 28. Re1 Re8 29. Qd2 Rxe1+ 30. Qxe1 Kf7 31. Qe3 Qe7 32. Qf3+ Ke8 33. h4 Kd7 34. Bh3+ Kc7 35. Qf4 Qe1+ 36. Kh2 Qxc3 37. Be6 Qg7 38. g4 Qe7 39. Qe5 Qxh4+ 40. Kg2 Qe7 41. f4 h6 42. f5 gxf5 43. gxf5 Qg5+ 44. Kh2 h5 45. Qe1 h4 46. Qa5+ Kb8 47. Qc5 Qg3+ 48. Kh1 Ne4 49. Qf8+ Ka7 0-1


[Site "https://www.chess.com"]

[Event "Titled Tuesday Blitz November 08 Late 2022"]
[White "Dahlgren, James Allen"]
[Black "Kunin, Vitaly"]
[WhiteFideId "22256873"]
[BlackFideId "4128737"]
[WhiteElo "2200"]
[BlackElo "2417"]
[Result "0-1"]
[Round "01"]
[TimeControl "180+1"]
[Date "2022.11.09"]
[WhiteClock "0:00:07"]
[BlackClock "0:00:57"]

1. e4 c5 2. b3 d5 3. exd5 Qxd5 4. Nc3 Qd8 5. Bb2 Nf6 6. Nf3 Bg4 7. Be2 Nc6 8. O-O e6 9. h3 Bh5 10. Re1 Be7 11. d3 O-O 12. Ne4 b6 13. Ne5 Bxe2 14. Qxe2 Nxe5 15. Bxe5 Nxe4 16. dxe4 f6 17. Rad1 Qc8 18. Bd6 Bxd6 19. Rxd6 Rd8 20. Red1 Qc7 21. Qd3 Rxd6 22. Qxd6 Qxd6 23. Rxd6 Kf7 24. Rd7+ Kg6 25. f4 c4 26. Kf2 cxb3 27. cxb3 h5 28. g4 a5 29. a4 Rc8 30. gxh5+ Kh6 31. Rd6 Rc2+ 32. Kf1 b5 33. axb5 Rc3 34. Rxe6 Rxb3 35. Ra6 Rxb5 36. Kf2 Kxh5 37. Kg3 Rb3+ 38. Kg2 Ra3 39. e5 fxe5 40. fxe5 Kg5 41. Ra7 g6 42. e6 Kf6 43. e7 Kf7 44. Kh2 a4 45. Kg2 Ra1 46. Kf3 a3 47. Kg4 a2 48. Kh4 g5+ 49. Kh5 g4 50. h4 g3 51. Ra3 g2 0-1


[Site "https://www.chess.com"]

[Event "Titled Tuesday Blitz November 08 Late 2022"]
[White "Danielyan, Vahe"]
[Black "Fajdetic, Hrvoje"]
[WhiteFideId "13304828"]
[BlackFideId "14501945"]
[WhiteElo "2423"]
[BlackElo "2172"]
[Result "1-0"]
[Round "01"]
[TimeControl "180+1"]
[Date "2022.11.09"]
[WhiteClock "0:00:27"]
[BlackClock "0:00:22"]

1. c4 f5 2. Nc3 Nf6 3. g3 e5 4. Bg2 d6 5. Nf3 c6 6. d4 e4 7. Nd2 d5 8. O-O Be7 9. e3 O-O 10. Rb1 a5 11. a3 Na6 12. Qb3 Kh8 13. cxd5 Nxd5 14. Nxd5 Qxd5 15. Qxd5 cxd5 16. f3 Bd7 17. fxe4 fxe4 18. Rxf8+ Bxf8 19. Bf1 Nc7 20. Nb3 b6 21. Bd2 Ba4 22. Nc1 Ne6 23. Ne2 Rc8 24. Nc3 Bb3 25. Bh3 Rc6 26. Rf1 Kg8 27. Rf5 Rd6 28. Re5 Nc7 29. Be1 Rf6 30. Rf5 Kf7 31. Rxf6+ Kxf6 32. g4 Bd6 33. Bf1 g5 34. Be2 Ke6 35. Kg2 h6 36. Bf1 Kd7 37. Ne2 Bc4 38. Bg3 Bxe2 39. Bxe2 Bxg3 40. Kxg3 Kc6 41. Kf2 Nb5 42. Ke1 Nd6 43. Kd2 Nc4+ 44. Bxc4 dxc4 45. a4 b5 46. Kc3 Kb6 47. axb5 Kxb5 48. d5 Kc5 49. d6 Kxd6 50. Kxc4 Kc6 51. Kd4 Kb5 52. Kxe4 Kb4 53. Kd3 Kb3 54. e4 Kxb2 55. e5 a4 56. e6 a3 57. e7 a2 58. e8=Q a1=Q 59. Qe5+ Kb1 60. Qxa1+ Kxa1 61. Ke4 Kb2 62. Kf5 Kc3 63. Kg6 Kd4 64. Kxh6 Ke5 65. Kxg5 Ke6 66. Kg6 Ke7 67. Kg7 Ke6 68. h4 1-0


[Site "https://www.chess.com"]

[Event "Titled Tuesday Blitz November 08 Late 2022"]
[White "Dardha, Daniel"]
[Black "Goncalves, Davi Sulzbacher"]
[WhiteFideId "240990"]
[BlackFideId "2154510"]
[WhiteElo "2528"]
[BlackElo "2182"]
[Result "1-0"]
[Round "01"]
[TimeControl "180+1"]
[Date "2022.11.09"]
[WhiteClock "0:02:17"]
[BlackClock "0:00:41"]

1. e4 c5 2. a3 d5 3. exd5 Nf6 4. c4 e6 5. dxe6 Bxe6 6. Nf3 Qe7 7. Be2 Bxc4 8. d3 Bd5 9. O-O Nbd7 10. Nc3 Bc6 11. Re1 O-O-O 12. d4 Nb6 13. Bf4 cxd4 14. Nb5 Nbd5 15. Nxa7+ Kd7 16. Ne5+ Ke8 17. Nexc6 bxc6 18. Nxc6 Qb7 19. Ba6+ 1-0


[Site "https://www.chess.com"]

[Event "Titled Tuesday Blitz November 08 Late 2022"]
[White "Deac, Bogdan-Daniel"]
[Black "Gireman, Ja"]
[WhiteFideId "1226380"]
[BlackFideId "5043794"]
[WhiteElo "2648"]
[BlackElo "2153"]
[Result "1-0"]
[Round "01"]
[TimeControl "180+1"]
[Date "2022.11.08"]
[WhiteClock "0:00:06"]
[BlackClock "0:00:02"]

1. Nf3 Nf6 2. b3 g6 3. Bb2 Bg7 4. g3 O-O 5. Bg2 d6 6. d4 Nbd7 7. O-O Rb8 8. c4 b5 9. Nbd2 c6 10. Rc1 Bb7 11. Re1 Qa5 12. a3 c5 13. dxc5 dxc5 14. e4 Rfd8 15. Qc2 Bh6 16. Rcd1 Nb6 17. e5 Ne8 18. cxb5 Qxb5 19. a4 Qc6 20. e6 fxe6 21. h4 Nf6 22. a5 Nbd7 23. Nc4 Nf8 24. Qe2 Qb5 25. Rxd8 Rxd8 26. Bh3 Qxb3 27. Bxe6+ Kh8 28. Ng5 Nxe6 29. Qxe6 Rd7 30. Bxf6+ exf6 31. Qxf6+ Kg8 32. Re8+ Bf8 33. Rxf8# 1-0


[Site "https://www.chess.com"]

[Event "Titled Tuesday Blitz November 08 Late 2022"]
[White "Desideri, Ricardo Maruchi"]
[Black "Rodriguez Fontecha, Marcos"]
[WhiteFideId "2110440"]
[BlackFideId "2256576"]
[WhiteElo "1945"]
[BlackElo "2263"]
[Result "0-1"]
[Round "01"]
[TimeControl "180+1"]
[Date "2022.11.09"]
[WhiteClock "0:00:01"]
[BlackClock "0:00:36"]

1. e4 e6 2. d4 c5 3. Nf3 a6 4. Nc3 b5 5. Be3 Bb7 6. d5 b4 7. Na4 exd5 8. exd5 d6 9. c3 a5 10. c4 Nf6 11. b3 g6 12. Bd3 Bg7 13. h4 Ng4 14. Bg5 Qc7 15. Rc1 h6 16. Bf4 Nd7 17. h5 g5 18. Bg3 O-O-O 19. O-O Nde5 20. Bf5+ Kb8 21. a3 Bc8 22. Bxg4 Bxg4 23. axb4 axb4 24. Bxe5 Bxe5 25. Qd3 Bxh5 26. Nxe5 dxe5 27. Ra1 Bg6 28. Qe3 Rc8 29. Ra2 f5 30. Rfa1 f4 31. Qe2 Qd6 32. Nb2 Kc7 33. Ra7+ Kd8 34. R1a6 Qb8 35. Rg7 Bf5 36. Na4 Rh7 37. Rg8+ Ke7 38. Rxc8 Bxc8 39. Rb6 Bb7 40. Rxb7+ Qxb7 41. Qxe5+ Kf7 42. Nxc5 Qe7 43. Qf5+ Kg8 44. Ne6 Qf7 45. Qe5 Qe8 46. Qd6 f3 0-1


[Site "https://www.chess.com"]

[Event "Titled Tuesday Blitz November 08 Late 2022"]
[White "Do Nascimento,Christian Almeida"]
[Black "Bortnyk, Mykola"]
[WhiteFideId "2143801"]
[BlackFideId "14120836"]
[WhiteElo "2079"]
[BlackElo "2582"]
[Result "0-1"]
[Round "01"]
[TimeControl "180+1"]
[Date "2022.11.08"]
[WhiteClock "0:02:10"]
[BlackClock "0:02:20"]

1. d4 d5 2. c4 c6 3. Nc3 Nf6 4. Nf3 Bf5 5. e3 e6 6. Qb3 Qb6 7. c5 Qc7 8. Be2 Nbd7 9. O-O b6 10. cxb6 axb6 11. Qd1 Bd6 12. h3 h6 13. Bd3 O-O 14. Bxf5 exf5 15. Qc2 Ne4 16. Bd2 Rfe8 17. Rfc1 Rac8 18. Be1 Ndf6 19. Nd2 f4 20. Ndxe4 Nxe4 21. Nxe4 Rxe4 22. exf4 Bxf4 23. Rd1 Rce8 24. Bd2 Re2 25. Qd3 Bxd2 0-1


[Site "https://www.chess.com"]

[Event "Titled Tuesday Blitz November 08 Late 2022"]
[White "Dzida, Kamil"]
[Black "Ghazarian, Kirk"]
[WhiteFideId "21828652"]
[BlackFideId "30908604"]
[WhiteElo "2211"]
[BlackElo "2346"]
[Result "0-1"]
[Round "01"]
[TimeControl "180+1"]
[Date "2022.11.09"]
[WhiteClock "0:00:44"]
[BlackClock "0:00:39"]

1. e4 c5 2. Nf3 Nc6 3. Bb5 g6 4. O-O Bg7 5. Bxc6 bxc6 6. d3 Rb8 7. Nbd2 Nf6 8. e5 Nd5 9. Nc4 O-O 10. Re1 d6 11. exd6 exd6 12. Bg5 Qc7 13. Qd2 Bg4 14. c3 Bxf3 15. gxf3 Qd7 16. Bh4 Qh3 17. Bg3 Bh6 18. Qe2 Nf4 19. Qf1 Qh5 20. Bxf4 Bxf4 21. Qg2 Rfe8 22. b3 Qf5 23. Qf1 d5 24. Ne3 Qf6 25. Rac1 d4 26. Ng4 Qg5 27. Rxe8+ Rxe8 28. Re1 Rxe1 29. Qxe1 h5 30. Qe8+ Kg7 31. h4 Qxh4 32. Ne5 Qg5+ 0-1


[Site "https://www.chess.com"]

[Event "Titled Tuesday Blitz November 08 Late 2022"]
[White "Dzierzak, Radoslaw"]
[Black "Makridis, Dimitrios"]
[WhiteFideId "1161407"]
[BlackFideId "25864475"]
[WhiteElo "2111"]
[BlackElo "2272"]
[Result "0-1"]
[Round "01"]
[TimeControl "180+1"]
[Date "2022.11.09"]
[WhiteClock "0:00:09"]
[BlackClock "0:01:59"]

1. e4 c5 2. Nf3 d6 3. d4 cxd4 4. Nxd4 Nf6 5. Nc3 Nc6 6. g3 Bg4 7. f3 Nxd4 8. fxg4 Nc6 9. g5 Nd7 10. Bc4 e6 11. O-O Be7 12. Qh5 g6 13. Qh6 Bf8 14. Qh3 Bg7 15. Be3 Nce5 16. Bb3 Qe7 17. Rad1 a6 18. Rf2 O-O-O 19. Qf1 Kb8 20. Rfd2 Nc5 21. Qg2 h6 22. gxh6 Bxh6 23. Bxh6 Rxh6 24. Na4 Nxa4 25. Bxa4 Qc7 26. c3 g5 27. h3 g4 28. h4 Nf3+ 29. Kh1 Rdh8 30. Rxd6 Rxh4+ 31. gxh4 Rxh4+ 32. Qh3 Rxh3+ 33. Kg2 Ka7 34. Rd7 0-1


[Site "https://www.chess.com"]

[Event "Titled Tuesday Blitz November 08 Late 2022"]
[White "Estrada Nieto, Julian"]
[Black "Ibarra Jerez, Jose Carlos"]
[WhiteFideId "5101018"]
[BlackFideId "2226332"]
[WhiteElo "2221"]
[BlackElo "2638"]
[Result "1/2-1/2"]
[Round "01"]
[TimeControl "180+1"]
[Date "2022.11.08"]
[WhiteClock "0:00:10"]
[BlackClock "0:00:05"]

1. e4 Nc6 2. Nf3 d6 3. d4 Nf6 4. Nc3 g6 5. Bb5 a6 6. Bxc6+ bxc6 7. h3 Bg7 8. O-O O-O 9. Qe2 a5 10. Rd1 Ba6 11. Qe3 Nd7 12. b3 c5 13. d5 c6 14. dxc6 Nb8 15. Bb2 Nxc6 16. Na4 Bxb2 17. Nxb2 e5 18. c3 Qe7 19. Rd2 Rfd8 20. Rad1 Kg7 21. h4 h5 22. Na4 Rab8 23. Qg5 f6 24. Qe3 Qe6 25. Nh2 c4 26. Nb6 cxb3 27. axb3 Qxb3 28. Nd5 Qb7 29. Ra1 Bc4 30. Nf1 Qf7 31. Qf3 Bxf1 32. Kxf1 Rb5 33. g3 Ne7 34. c4 Rc5 35. Qc3 Nxd5 36. Rxd5 Rdc8 37. Rxc5 Rxc5 38. Rxa5 Qxc4+ 39. Qxc4 Rxc4 40. Ra7+ Kf8 41. f3 Rd4 42. Ke2 d5 43. exd5 Rxd5 44. Ke3 Rb5 45. Ke4 Rc5 46. Ke3 Kg8 47. Ke4 Rb5 48. Ke3 Rb4 49. Rc7 Kf8 50. Ra7 f5 51. Rc7 f4+ 52. gxf4 Rxf4 53. Rc5 Rxh4 54. Rxe5 Kf7 55. f4 Rh3+ 56. Ke4 Rh1 57. Ra5 Rh3 58. Ra7+ Kf6 59. Ra6+ Kg7 60. Ra7+ Kh6 61. Ra6 Kg7 62. Ra7+ Kf8 63. Ra8+ Kf7 64. Ra7+ Kg8 65. Ra8+ Kh7 66. Ra7+ Kh6 67. Ra6 Rh4 68. Kf3 Rh3+ 69. Ke4 1/2-1/2


[Site "https://www.chess.com"]

[Event "Titled Tuesday Blitz November 08 Late 2022"]
[White "Ezat, Mohamed"]
[Black "Dubov, Daniil"]
[WhiteFideId "10600906"]
[BlackFideId "24126055"]
[WhiteElo "2386"]
[BlackElo "2791"]
[Result "0-1"]
[Round "01"]
[TimeControl "180+1"]
[Date "2022.11.08"]
[WhiteClock "0:00:01"]
[BlackClock "0:01:01"]

1. d4 c6 2. c4 d5 3. Nc3 Nf6 4. cxd5 cxd5 5. Bf4 Nc6 6. e3 a6 7. Bd3 Bg4 8. Nge2 e6 9. O-O Bd6 10. f3 Bh5 11. Rc1 O-O 12. Na4 Re8 13. Nc5 Rb8 14. Nxb7 Rxb7 15. Rxc6 Bxf4 16. Nxf4 Rxb2 17. Rxa6 Bg6 18. Bxg6 hxg6 19. Nd3 Rb5 20. Ne5 Ra5 21. Qd3 Rxa6 22. Qxa6 Qb8 23. Qd3 Qb2 24. Rf2 Qc1+ 25. Rf1 Qb2 26. Rf2 Qa1+ 27. Rf1 Qxa2 28. Qb5 Qd2 29. Qd3 Qb4 30. Rb1 Qa4 31. Qb5 Qa3 32. Qb3 Qa5 33. Qb5 Qd2 34. Qd3 Qa2 35. Qb3 Qd2 36. Qd3 Qxd3 37. Nxd3 Ra8 38. Ne5 Ne8 39. Rb7 Nd6 40. Rd7 Ra6 41. g4 g5 42. Kg2 f6 43. Ng6 Nc4 44. e4 Ra2+ 45. Kg3 Ne3 46. f4 Nf1+ 47. Kf3 Nxh2+ 48. Kg3 Nf1+ 49. Kf3 Nd2+ 50. Ke3 Nxe4 51. f5 Ra3+ 52. Ke2 exf5 53. Ne7+ Kf8 54. gxf5 Ke8 55. Rb7 Nd6 56. Rc7 Nb5 57. Rb7 Nxd4+ 58. Kf2 g4 59. Nxd5 Nxf5 60. Nc7+ Kf8 61. Ne6+ Kg8 62. Rb4 Rf3+ 63. Kg1 Ne3 64. Rb8+ Kf7 65. Rb7+ Kxe6 66. Rxg7 g3 0-1


[Site "https://www.chess.com"]

[Event "Titled Tuesday Blitz November 08 Late 2022"]
[White "Faizrakhmanov, Ramil"]
[Black "Banzea, Alexandru-Bogdan"]
[WhiteFideId "24103209"]
[BlackFideId "1232622"]
[WhiteElo "2437"]
[BlackElo "2294"]
[Result "0-1"]
[Round "01"]
[TimeControl "180+1"]
[Date "2022.11.09"]
[WhiteClock "0:00:30"]
[BlackClock "0:00:12"]

1. d4 d5 2. c4 c6 3. Nc3 Nf6 4. e3 Bf5 5. cxd5 cxd5 6. Qb3 Bc8 7. f4 e6 8. Nf3 Be7 9. Bd3 O-O 10. O-O Nc6 11. Ne5 Bd7 12. Bd2 g6 13. a3 Rb8 14. Rac1 Ne8 15. Nxd7 Qxd7 16. Na4 f5 17. Rc2 Nf6 18. Rfc1 Ne4 19. Be1 g5 20. Bxe4 fxe4 21. Bg3 gxf4 22. Bxf4 Rbe8 23. Nc5 Bxc5 24. Rxc5 Qg7 25. Qc3 Nxd4 26. exd4 Rxf4 27. Rc7 Qg5 28. Rxb7 Ref8 29. Qh3 R4f7 30. Rcc7 Rf1# 0-1


[Site "https://www.chess.com"]

[Event "Titled Tuesday Blitz November 08 Late 2022"]
[White "Fernandez Guillen, Ernesto J."]
[Black "Reprintsev, Alexander"]
[WhiteFideId "3512428"]
[BlackFideId "14100541"]
[WhiteElo "2450"]
[BlackElo "2230"]
[Result "1-0"]
[Round "01"]
[TimeControl "180+1"]
[Date "2022.11.09"]
[WhiteClock "0:00:11"]
[BlackClock "0:00:10"]

1. e4 d5 2. e5 c5 3. f4 g5 4. Nf3 g4 5. Ng1 h5 6. d4 Nh6 7. c3 Bf5 8. Bb5+ Nc6 9. dxc5 e6 10. Be3 Be4 11. Ne2 Bxg2 12. Rg1 Bf3 13. Qa4 Rc8 14. Nd4 Qd7 15. b4 Nf5 16. Nxf5 exf5 17. Nd2 Be4 18. O-O-O Be7 19. Nxe4 fxe4 20. c4 d4 21. Rxd4 Qf5 22. Rd5 O-O 23. h3 Rfd8 24. hxg4 hxg4 25. a3 a6 26. Bxc6 bxc6 27. Rdd1 Rxd1+ 28. Qxd1 Rd8 29. Qxg4+ Qxg4 30. Rxg4+ Kf8 31. f5 Rd3 32. Bh6+ Ke8 33. e6 fxe6 34. fxe6 Bf6 35. Rxe4 Rxa3 36. Re3 Ra4 37. Rb3 Ke7 38. Kc2 Kxe6 39. Re3+ Kd7 40. Kb3 Ra1 41. Rd3+ Kc8 42. Rd6 Rb1+ 43. Ka2 Rb2+ 44. Ka3 Bc3 45. Rxc6+ Kb7 46. Rb6+ Ka7 47. b5 axb5 48. cxb5 Rh2 49. Ra6+ Kb7 50. c6+ Kc7 51. Bf4+ Kd8 52. Ra8+ Ke7 53. c7 Bb2+ 54. Kb3 Rh3+ 55. Kxb2 Rh8 56. Rxh8 1-0


[Site "https://www.chess.com"]

[Event "Titled Tuesday Blitz November 08 Late 2022"]
[White "Fernandez Hernandez, Gerardo"]
[Black "Taichman, Ori"]
[WhiteFideId "2207400"]
[BlackFideId "2804069"]
[WhiteElo "2236"]
[BlackElo "2234"]
[Result "0-1"]
[Round "01"]
[TimeControl "180+1"]
[Date "2022.11.09"]
[WhiteClock "0:00:10"]
[BlackClock "0:00:22"]

1. e4 c5 2. d3 Nc6 3. g3 d5 4. Bg2 dxe4 5. dxe4 Qxd1+ 6. Kxd1 Bg4+ 7. f3 O-O-O+ 8. Ke1 Nb4 9. Na3 Be6 10. Be3 b6 11. Ne2 f5 12. Nf4 Bd7 13. c3 e5 14. cxb4 exf4 15. Bxf4 cxb4 16. Rc1+ Bc5 17. Nc4 Kb7 18. Bd6 Nh6 19. e5 f4 20. Bxc5 bxc5 21. Kf2 g5 22. g4 Bc6 23. Nd6+ Kb6 24. Nc4+ Ka6 25. Bf1 Bb5 26. Be2 Nf7 27. h4 h6 28. hxg5 hxg5 29. Rxh8 Nxh8 30. b3 Ng6 31. Rd1 Rxd1 32. Bxd1 Bxc4 33. bxc4 Nxe5 34. Be2 Ka5 35. Ke1 Ka4 36. Kd2 Ka3 37. Kc2 Kxa2 0-1


[Site "https://www.chess.com"]

[Event "Titled Tuesday Blitz November 08 Late 2022"]
[White "Gareyev, Timur"]
[Black "Chojnacki, Slawomir"]
[WhiteFideId "14200937"]
[BlackFideId "1117076"]
[WhiteElo "2552"]
[BlackElo "2096"]
[Result "1-0"]
[Round "01"]
[TimeControl "180+1"]
[Date "2022.11.09"]
[WhiteClock "0:01:10"]
[BlackClock "0:01:06"]

1. d4 c6 2. Bf4 d5 3. e3 Nf6 4. c4 Bf5 5. Qb3 Qb6 6. c5 Qxb3 7. axb3 Bxb1 8. Rxb1 Nbd7 9. b4 a6 10. h3 h6 11. Nf3 g5 12. Bh2 Bg7 13. Bd3 O-O 14. h4 g4 15. Ne5 h5 16. f3 Nxe5 17. Bxe5 Nd7 18. Bxg7 Kxg7 19. Kd2 gxf3 20. gxf3 Kh6 21. Rbg1 Rg8 22. e4 dxe4 23. fxe4 Nf6 24. Ke3 Rg4 25. Rxg4 Nxg4+ 26. Kd2 Rd8 27. Kc3 e5 28. d5 cxd5 29. exd5 Rxd5 30. Be4 Rd7 31. Rf1 Kg7 32. Rf5 Rd4 33. Bxb7 f6 34. Rxh5 Ne3 35. c6 Nd5+ 36. Kb3 Rxb4+ 37. Ka3 Rc4 38. b3 Rc5 39. Rf5 e4 40. Rxd5 Rxd5 41. c7 Rc5 42. c8=Q Rxc8 43. Bxc8 a5 44. Kb2 Kh6 45. Kc3 Kh5 46. Kd4 Kxh4 47. Kxe4 Kg5 48. Kd5 Kf4 49. Kc5 Ke5 50. Kb5 f5 51. Kxa5 f4 52. Bg4 1-0


[Site "https://www.chess.com"]

[Event "Titled Tuesday Blitz November 08 Late 2022"]
[White "Gilmanov, Mansur"]
[Black "Adury, Anant"]
[WhiteFideId "4166868"]
[BlackFideId "30964687"]
[WhiteElo "2377"]
[BlackElo "2176"]
[Result "0-1"]
[Round "01"]
[TimeControl "180+1"]
[Date "2022.11.09"]
[WhiteClock "0:00:05"]
[BlackClock "0:00:27"]

1. d4 Nf6 2. Bg5 e6 3. e3 c5 4. c3 b6 5. Nd2 Bb7 6. Ngf3 Be7 7. Bd3 O-O 8. O-O Nc6 9. Qe2 d5 10. Ne5 Nxe5 11. dxe5 Nd7 12. Bxe7 Qxe7 13. f4 f6 14. exf6 Nxf6 15. Nf3 Nd7 16. c4 e5 17. cxd5 Bxd5 18. Ng5 h6 19. Bc4 Bxc4 20. Qxc4+ Kh8 21. Rf3 exf4 22. exf4 Nf6 23. Ne6 Rfe8 24. f5 Nd7 25. Rg3 Rg8 26. Re1 Qf7 27. Qf4 Rae8 28. Rg6 Nf8 29. Qe5 Nxg6 30. fxg6 Qxg6 31. h4 Qf6 32. Qe4 Re7 0-1


[Site "https://www.chess.com"]

[Event "Titled Tuesday Blitz November 08 Late 2022"]
[White "Golubev, Mikhail"]
[Black "Adel, Sara"]
[WhiteFideId "14100983"]
[BlackFideId "10616764"]
[WhiteElo "2374"]
[BlackElo "1994"]
[Result "1-0"]
[Round "01"]
[TimeControl "180+1"]
[Date "2022.11.09"]
[WhiteClock "0:00:07"]
[BlackClock "0:00:20"]

1. e4 c6 2. d4 d5 3. Nc3 dxe4 4. Nxe4 Bf5 5. Ng3 Bg6 6. c3 Nd7 7. Nh3 Ngf6 8. Nf4 Qc7 9. h4 O-O-O 10. h5 e5 11. dxe5 Nxe5 12. Qa4 Nd3+ 13. Nxd3 Bxd3 14. Bxd3 Rxd3 15. Qxa7 Qe5+ 16. Be3 Ng4 17. Nf1 Nxe3 18. Nxe3 Bc5 19. Qa8+ Kc7 20. Qa5+ Kb8 21. Rh3 f5 22. Kf1 Rhd8 23. Re1 f4 24. Nc2 Qd6 25. Rxd3 Qxd3+ 26. Kg1 Qxc2 27. Qxc5 Qxb2 28. Qe5+ Ka7 29. Qa5+ Kb8 30. Qxd8+ Ka7 31. Qd4+ Ka6 32. Qa4+ Kb6 33. Qb4+ Qxb4 34. cxb4 Kb5 35. Re7 Kxb4 36. Rxb7+ Kc4 37. Rxg7 c5 38. Rxh7 Kb4 39. Rc7 c4 40. h6 c3 41. h7 Ka3 42. Rxc3+ Kb2 43. Rf3 Kb1 44. Rxf4 Kc1 45. h8=Q Kd1 46. Qc3 Ke2 47. Re4+ 1-0


[Site "https://www.chess.com"]

[Event "Titled Tuesday Blitz November 08 Late 2022"]
[White "Gonzalez, Francisco Silva"]
[Black "Kanakaris, Georgios"]
[WhiteFideId "1512285"]
[BlackFideId "4209460"]
[WhiteElo "2159"]
[BlackElo "2291"]
[Result "0-1"]
[Round "01"]
[TimeControl "180+1"]
[Date "2022.11.09"]
[WhiteClock "0:01:11"]
[BlackClock "0:01:02"]

1. d4 Nf6 2. c4 g6 3. Nc3 Bg7 4. e4 d6 5. f3 O-O 6. Be3 e5 7. d5 Nh5 8. Qd2 Qh4+ 9. Bf2 Qe7 10. Be3 f5 11. O-O-O a5 12. Bd3 f4 13. Bf2 Na6 14. a3 Bd7 15. Kb1 a4 16. Nb5 Bxb5 17. cxb5 Nc5 18. Bc4 b6 19. Ne2 Nf6 20. Nc3 Nfd7 21. Qe2 Ra5 22. Bd3 Nxd3 23. Qxd3 Nc5 24. Qc4 Rfa8 25. Rhg1 Qd7 26. Rd2 Nb3 27. Rdd1 Nd4 28. Rc1 R8a7 29. Ka2 Nxb5 30. Nxb5 Qxb5 31. Qxb5 Rxb5 32. Rc3 Bf6 33. Rgc1 Bd8 34. Rc6 Kf7 35. R1c4 Ke8 36. Rb4 Rxb4 37. axb4 Kd7 38. Ka3 Ra8 39. b5 g5 40. h3 h5 41. Rc1 Be7 42. Kb4 Rg8 43. Rh1 g4 44. hxg4 hxg4 45. Rh7 Kd8 46. Kxa4 gxf3 47. gxf3 Rg2 48. Rh8+ Kd7 49. Bh4 Bxh4 50. Rxh4 Rg3 51. Rh8 Rxf3 52. Kb4 Re3 53. Kc4 Rxe4+ 54. Kc3 Rd4 55. Rh7+ Kc8 56. Re7 Rxd5 57. Kc4 Rc5+ 58. Kb4 Kd8 59. Re6 Kd7 60. Rf6 Ke7 61. Rf5 Ke6 62. Rf8 e4 63. Rxf4 Ke5 64. Rf1 e3 65. Rf8 Ke4 66. Re8+ Kd3 67. Ka4 e2 68. b4 Re5 69. Rc8 e1=Q 70. Rxc7 Qa1+ 71. Kb3 Qb1+ 72. Ka3 Kd4 73. Rc3 Kxc3 0-1


[Site "https://www.chess.com"]